 Dungeon Crawl Stone Soup version 0.23.2-40-g277498a001 (webtiles) character file.

Game seed: 8966441987609592438

16606 DildoBatman the Blocker (level 12, -2/86 HPs)
             Began as a Formicid Wizard on Sept 8, 2019.
             Was an Elder of Kikubaaqudgha.
             Slain by a phantasmal warrior (24 damage)
             ... led by a death knight
             ... on level 13 of the Dungeon.
             The game lasted 01:04:07 (11721 turns).

DildoBatman the Blocker (Formicid Wizard)          Turns: 11721, Time: 01:04:07

Health: -2/86      AC:  5    Str: 11    XL:     12   Next: 72%
Magic:  0/22       EV: 13    Int: 24    God:    Kikubaaqudgha [****..]
Gold:   851        SH: 11    Dex: 15    Spells: 8/25 levels left

rFire    . . .     SeeInvis +   a - +5 halberd (freeze)
rCold    . . .     Gourm    .   u - +0 shield
rNeg     . . .     Faith    .   o - +2 robe {MR+}
rPois    .         Spirit   .   (helmet unavailable)
rElec    .         Reflect  .   p - scarf {cloud immunity}
rCorr    .         Harm     .   i - +0 pair of gloves
MR       +....                  (no boots)
Stlth    +++.......             (no amulet)
HPRegen  0.24/turn              l - ring of protection from magic
MPRegen  0.18/turn              N - +6 ring of dexterity

@: vulnerable, very slightly contaminated
A: permanent stasis, dig shafts and tunnels, four strong arms, antennae 3
a: Dig, Shaft Self, Receive Corpses, Renounce Religion


You were on level 13 of the Dungeon.
You worshipped Kikubaaqudgha.
Kikubaaqudgha was greatly pleased with you.
You were near starving.

You visited 2 branches of the dungeon, and saw 14 of its levels.

You collected 851 gold pieces.

Inventory:

Hand Weapons
 a - a +5 halberd of freezing (weapon)
 b - a +0 hunting sling
 d - a +1 scimitar of flaming
 h - a +0 blowgun
Missiles
 c - 50 poisoned needles
 f - 83 bolts
 k - 224 stones
 n - 197 arrows
 s - 5 javelins
 w - 18 tomahawks (quivered)
 E - 63 sling bullets
 Q - 2 curare-tipped needles
Armour
 i - a +0 pair of gloves (worn)
 o - a +2 robe of magic resistance (worn)
 p - a scarf of cloud immunity (worn)
 u - a +0 shield (worn)
 P - a +2 cloak of invisibility
Jewellery
 l - a ring of protection from magic (left hand)
 q - an uncursed ring of ice
 H - an uncursed ring of poison resistance
 N - a +6 ring of dexterity (right hand)
Wands
 g - a wand of digging (11)
 A - a wand of flame (22)
Scrolls
 j - a scroll of fear
 m - a scroll of random uselessness {unknown}
 x - 8 scrolls of remove curse
 y - 2 scrolls of amnesia
 z - a scroll of identify
 C - 2 scrolls of magic mapping
 F - a scroll of enchant weapon {unknown}
 G - 2 scrolls of silence
 I - a scroll of holy word {unknown}
 M - a scroll of immolation {unknown}
Potions
 e - a potion of haste {unknown}
 r - a potion of curing
 B - a potion of mutation {unknown}
 D - a potion of cancellation {unknown}
 K - a potion of brilliance {unknown}
 L - a potion of berserk rage {unknown}
Comestibles
 v - 20 rations


   Skills:
 - Level 5.0 Fighting
 - Level 5.0 Polearms
 - Level 5.1 Armour
 - Level 3.3 Dodging
 * Level 6.1 Stealth
 - Level 9.1 Shields
 - Level 7.1 Spellcasting
 - Level 6.0 Conjurations
   Level 1.0 Summonings
 * Level 7.7 Necromancy
   Level 0.8 Translocations
 - Level 4.1 Fire Magic
 - Level 4.1 Air Magic
 - Level 8.1 Poison Magic
 * Level 3.9 Evocations


You had 8 spell levels left.
You knew the following spells:

 Your Spells              Type           Power        Failure   Level  Hunger
a - Conjure Flame         Conj/Fire      ####....     2%          3    None
c - Magic Dart            Conj           ####         1%          1    None
d - Vampiric Draining     Necr           #####.....   1%          3    None
e - Mephitic Cloud        Conj/Pois/Air  #####...     1%          3    None
h - Dispel Undead         Necr           #####...     9%          5    #####..
z - Sublimation of Blood  Necr           #####.....   1%          2    None

Your spell library contained the following spells:

 Spells                   Type           Power        Failure   Level  Hunger
 Pain                     Necr           ####         1%          1    None
 Corpse Rot               Necr           N/A          1%          2    None
 Confusing Touch          Hex            #.....       7%          1    None
 Call Imp                 Summ           ##......     7%          2    None
 Agony                    Necr           #####...     9%          5    #####..
 Slow                     Hex            #.......     11%         2    None
 Gell's Gravitas          Tloc           ##........   16%         3    None
 Confuse                  Hex            #.......     22%         3    None
 Excruciating Wounds      Chrm/Necr      ####......   38%         5    #####..
 Death Channel            Necr           #####.....   41%         6    ######.
 Petrify                  Tmut/Erth      #.......     56%         4    ###....
 Metabolic Englaciation   Hex/Ice        #.........   89%         5    #####..
 Yara's Violent Unravell  Hex/Tmut       #.........   89%         5    #####..
 Simulacrum               Ice/Necr       ####......   92%         6    ######.
 Blink                    Tloc           Unusable     N/A         2    N/A

Dungeon Overview and Level Annotations

Branches:
Dungeon (14/15)            Temple (1/1) D:4            Lair (0/6) D:9
    Orc (0/2) D:11
 Vaults: D:13-14

Altars:
Ashenzari
Cheibriados
Dithmenos
Elyvilon
Fedhas
Gozag
Hepliaklqana
Kikubaaqudgha
Makhleb
Nemelex Xobeh
Okawaru
Qazlal
Ru
Sif Muna
Trog
Uskayaw
Vehumet
Wu Jian
Xom
Yredelemnul
Zin
The Shining One

Shops:
D:4 (

Annotations:
D:8 Gastronok
D:14 exclusion: hydra


Innate Abilities, Weirdness & Mutations

You cannot be hasted, slowed, berserked, paralysed or teleported.
You can dig through walls and to a lower floor.
Your four strong arms can wield two-handed weapons with a shield.
You have a pair of large antennae on your head. (SInv)


Message History

Aim: a phantasmal warrior (heavily damaged)
The phantasmal warrior is dispelled!!
Casting: Dispel Undead (slightly dangerous; 9% risk of failure)
Confirm with . or Enter, or press ? or * to list all spells.
Aiming: Magic Dart (safe; 1% risk of failure)
Press: ? - help, Shift-Dir - straight line, f/p - phantasmal warrior
Aim: a phantasmal warrior (severely damaged)
The magic dart hits the phantasmal warrior.
The phantasmal warrior is almost destroyed.
The phantasmal warrior hits you!!
Your magical defenses are stripped away!
You feel better. The phantasmal warrior hits you!
You feel better. The phantasmal warrior misses you.
You closely miss the phantasmal warrior.
The phantasmal warrior is almost destroyed.
The phantasmal warrior hits you!!
You die...
Kikubaaqudgha rasps: "You have failed me!
Welcome... death!"

#### ##..##
######.##.##
##...#.####W##
##.###.## ##@#
####)#.....##
#.#
....###.###.#
###
.....>W#.#.##
.......##.##
.......####
.......#
.......#
.......####


You could see a phantasmal warrior.

Vanquished Creatures
  A two-headed ogre (D:11)
  Erica (D:8)
  2 tengu warriors (D:13)
  Pikel (D:8)
  6 ugly things
  A cyclops (D:11)
  Joseph (D:8)
  Maurice (D:9)
  Psyche (D:8)
  A komodo dragon (D:14)
  2 trolls (D:14)
  Prince Ribbit (D:8)
  A hornet (D:13)
  3 hippogriffs
  Grinder (D:6)
  Sigmund (D:4)
  2 water elementals (D:11)
  A basilisk (D:14)
  5 yaks (D:10)
  2 hungry ghosts (D:10)
  A steam dragon (D:14)
  Menkaure (D:7)
  3 wargs
  3 water moccasins
  3 sky beasts
  A black bear (D:11)
  2 ice beasts (D:5)
  2 phantoms
  9 orc warriors
  4 slaves (D:9)
  An eye of draining (D:8)
  A necrophage (D:8)
  4 centaurs
  3 ogres
  3 big kobolds
  6 bullfrogs
  A water moccasin zombie (D:7)
  6 scorpions
  7 howler monkeys
  5 wights (D:10)
  An electric eel (D:11)
  4 bullfrog zombies
  6 crimson imps
  2 centaur skeletons
  15 orc priests
  7 hounds
  3 jellies
  An iguana (D:5)
  8 orc wizards
  Natasha (thrice) (D:4)
  7 worker ants
  A killer bee zombie (D:7)
  A hound zombie (D:7)
  8 adders
  4 gnolls (D:3)
  2 shadow imps
  2 oozes
  An adder zombie (D:8)
  An adder skeleton (D:5)
  3 worms (D:2)
  3 dart slugs
  2 leopard geckos
  49 orcs
  2 bats (D:1)
  6 giant cockroaches
  10 goblins
  9 hobgoblins
  6 jackals
  23 kobolds
  3 quokkas
  6 frilled lizards
  A leopard gecko zombie (D:8)
  2 quokka zombies
  7 rats
310 creatures vanquished.

Vanquished Creatures (others)
  2 orcs (D:9)
2 creatures vanquished.

Grand Total: 312 creatures vanquished

Notes
Turn   | Place    | Note
-------+----------+-------------------------------------------
     0 | D:1      | DildoBatman the Formicid Wizard began the quest for the
                  | Orb.
     0 | D:1      | Reached XP level 1. HP: 13/13 MP: 4/4
    11 | D:1      | Reached skill level 1 in Conjurations
   222 | D:1      | Reached XP level 2. HP: 17/19 MP: 0/6
   512 | D:1      | Reached XP level 3. HP: 14/24 MP: 0/7
   585 | D:1      | Learned a level 3 spell: Conjure Flame
   589 | D:1      | Learned a level 3 spell: Mephitic Cloud
  1313 | D:2      | Reached XP level 4. HP: 29/30 MP: 1/8
  2365 | D:3      | Reached XP level 5. HP: 24/35 MP: 4/9
  2755 | D:3      | Reached XP level 6. HP: 41/41 MP: 8/10
  2765 | D:3      | Reached skill level 5 in Conjurations
  2918 | D:3      | Found an ornate altar of the Wu Jian Council.
  3126 | D:4      | Found a staircase to the Ecumenical Temple.
  3131 | Temple   | Entered the Ecumenical Temple
  3220 | Temple   | Became a worshipper of Kikubaaqudgha
  3393 | D:4      | Noticed Sigmund
  3409 | D:4      | Killed Sigmund
  3409 | D:4      | Reached skill level 1 in Fire Magic
  3409 | D:4      | Reached skill level 1 in Air Magic
  3409 | D:4      | Reached skill level 1 in Poison Magic
  3409 | D:4      | Reached XP level 7. HP: 38/46 MP: 6/11
  3469 | D:4      | Found Abruytou's Antique Weapon Emporium.
  3520 | D:4      | Noticed Natasha
  3527 | D:4      | Killed Natasha
  3613 | D:4      | Noticed Natasha
  3615 | D:4      | Killed Natasha
  3670 | D:4      | Noticed Natasha
  3675 | D:4      | Killed Natasha
  3972 | D:5      | Entered Level 5 of the Dungeon
  4118 | D:5      | Found a shimmering altar of Xom.
  4206 | D:5      | Reached XP level 8. HP: 24/52 MP: 3/12
  4218 | D:5      | Found an iron altar of Okawaru.
  4556 | D:5      | Found a basalt altar of Yredelemnul.
  4556 | D:5      | Found a faded altar of an unknown god.
  4561 | D:5      | Found a hide-covered altar of Uskayaw.
  4565 | D:5      | Found a blossoming altar of Fedhas.
  4567 | D:5      | Found a shattered altar of Ashenzari.
  4775 | D:5      | Found a sacrificial altar of Ru.
  4852 | D:5      | Reached * piety under Kikubaaqudgha
  4852 | D:5      | Identified Kikubaaqudgha's Incunabulum of Evil
                  | (Kikubaaqudgha gifted it to you on level 5 of the Dungeon)
  4852 | D:5      | Received a gift from Kikubaaqudgha
  4871 | D:5      | Learned a level 2 spell: Sublimation of Blood
  4875 | D:5      | Learned a level 3 spell: Vampiric Draining
  4984 | D:6      | Noticed Grinder
  4995 | D:6      | Killed Grinder
  4995 | D:6      | Reached skill level 5 in Poison Magic
  5129 | D:6      | Reached XP level 9. HP: 20/57 MP: 4/13
  5299 | D:6      | Found a bloodstained altar of Trog.
  5594 | D:7      | Noticed Menkaure
  5599 | D:7      | Killed Menkaure
  5792 | D:7      | Found a deep blue altar of Sif Muna.
  5812 | D:7      | Reached skill level 5 in Spellcasting
  6281 | D:7      | Got a crude whip
  6283 | D:7      | Identified the cursed +1 whip of the Butterfly {pain, rC-
                  | Str+5} (You found it on level 7 of the Dungeon)
  6332 | D:8      | Reached skill level 1 in Shields
  6335 | D:8      | Noticed Joseph
  6335 | D:8      | Reached skill level 2 in Shields
  6491 | D:8      | Killed Joseph
  6491 | D:8      | Reached skill level 5 in Shields
  6491 | D:8      | Reached XP level 10. HP: 33/63 MP: 8/19
  6563 | D:8      | Noticed Prince Ribbit
  6573 | D:8      | Reached ** piety under Kikubaaqudgha
  6575 | D:8      | Reached skill level 6 in Shields
  6580 | D:8      | Killed Prince Ribbit
  6580 | D:8      | Reached skill level 7 in Shields
  6616 | D:8      | Noticed Erica
  6639 | D:8      | HP: 3/63 [Erica/orb of energy (19)]
  6651 | D:8      | Killed Erica
  6651 | D:8      | Reached skill level 9 in Shields
  6820 | D:8      | Found a shadowy altar of Dithmenos.
  6821 | D:8      | Found a snail-covered altar of Cheibriados.
  6840 | D:8      | Noticed Gastronok
  6879 | D:8      | Noticed Psyche
  6893 | D:8      | Killed Psyche
  6893 | D:8      | Reached skill level 1 in Fighting
  6893 | D:8      | Reached skill level 1 in Armour
  7041 | D:8      | Found a sparkling altar of Nemelex Xobeh.
  7232 | D:8      | Found a burning altar of Makhleb.
  7373 | D:9      | Noticed Pikel
  7456 | D:8      | Killed Pikel
  7456 | D:8      | Reached XP level 11. HP: 75/75 MP: 5/20
  7722 | D:9      | Noticed Maurice
  7759 | D:9      | Killed Maurice
  7817 | D:9      | Found a staircase to the Lair.
  7858 | D:8      | Reached *** piety under Kikubaaqudgha
  7858 | D:8      | Identified Kikubaaqudgha's Almanac of Unholy Magic
                  | (Kikubaaqudgha gifted it to you on level 8 of the Dungeon)
  7858 | D:8      | Received a gift from Kikubaaqudgha
  8184 | D:8      | Reached skill level 5 in Fighting
  8265 | D:9      | Learned a level 5 spell: Dispel Undead
  8290 | D:9      | Reached skill level 5 in Armour
  8300 | D:9      | Reached skill level 1 in Necromancy
  8806 | D:10     | Entered Level 10 of the Dungeon
  9075 | D:10     | Reached skill level 1 in Polearms
  9897 | D:11     | Noticed a purple ugly thing
  9941 | D:11     | Noticed a cyclops
  9979 | D:11     | Killed a cyclops
  9979 | D:11     | Reached skill level 5 in Necromancy
  9985 | D:11     | Killed a purple ugly thing
 10114 | D:11     | Reached **** piety under Kikubaaqudgha
 10239 | D:11     | Found a staircase to the Orcish Mines.
 10326 | D:11     | Noticed a two-headed ogre
 10353 | D:11     | Killed a two-headed ogre
 10353 | D:11     | Reached XP level 12. HP: 69/86 MP: 14/21
 10354 | D:11     | Reached skill level 5 in Polearms
 10391 | D:11     | You fall through a shaft for 3 floors!
 10618 | D:14     | Reached skill level 1 in Evocations
 10890 | D:14     | Found a shattered altar of Ashenzari.
 10890 | D:14     | Noticed a seven-headed hydra
 11013 | D:14     | Reached skill level 5 in Stealth
 11139 | D:14     | Noticed a centaur warrior
 11310 | D:13     | Noticed a tengu warrior
 11340 | D:13     | Killed a tengu warrior
 11340 | D:13     | Noticed a tengu warrior
 11420 | D:13     | Killed a tengu warrior
 11637 | D:13     | Noticed a death knight
 11721 | D:13     | Slain by a phantasmal warrior

Skill      XL: |  1  2  3  4  5  6  7  8  9 10 11 12 |
---------------+-------------------------------------+-----
Conjurations   | 1 2 3 4 5 6 |  6.0
Fire Magic     | 1 2 4 |  4.1
Air Magic      | 1 2 3 4 |  4.1
Poison Magic   | 1 3 6 8 |  8.1
Spellcasting   | 6 7 |  7.1
Shields        | 5 9 |  9.1
Fighting       | 3 5 |  5.0
Armour         | 3 5 |  5.1
Dodging        | 3 |  3.3
Necromancy     | 6 7 |  7.7
Polearms       | 4 5 |  5.0
Stealth        | 6 |  6.1
Evocations     | 3 |  3.9
Summonings     | |  1.0
Translocations | |  0.8

Action                   |  1- 3 |  4- 6 |  7- 9 | 10-12 || total
-------------------------+-------+-------+-------+-------++-------
Melee: Unarmed           |     2 |       |       |       ||     2
       Club              |     7 |       |       |       ||     7
       Short sword       |       |     1 |       |       ||     1
       Halberd           |       |    47 |   178 |   520 ||   745
 Fire: Hunting sling     |    21 |    55 |    19 |       ||    95
 Cast: Magic Dart        |    69 |    75 |    82 |    94 ||   320
       Mephitic Cloud    |       |    11 |    34 |    82 ||   127
       Conjure Flame     |       |     2 |    25 |    81 ||   108
       Vampiric Draining |       |       |       |    10 ||    10
       Sublimation of Bl |       |       |       |     1 ||     1
       Dispel Undead     |       |       |       |     2 ||     2
 Abil: Dig               |       |     4 |    17 |    42 ||    63
Evoke: Wand              |       |       |     3 |    13 ||    16
  Use: Scroll            |       |       |     5 |     6 ||    11
       Potion            |       |       |     2 |     8 ||    10
 Stab: Confused          |       |     2 |     7 |    22 ||    31
       Sleeping          |       |       |       |     1 ||     1
  Eat: Chunk             |     1 |     8 |    15 |    26 ||    50
Armor: Robe              |     7 |    10 |     6 |    52 ||    75
       Skin              |       |       |       |     7 ||     7
Dodge: Dodged            |    16 |    43 |    60 |   114 ||   233
Block: Shield            |       |       |       |   141 ||   141
